 Dungeon Crawl Stone Soup version 0.17-a0-483-g810ce3f (webtiles) character file.

3269 Fiveotanaka the Carver (level 9, -1/74 HPs)
             Began as a Demigod Wanderer on Apr 8, 2015.
             Slain by a worker ant (3 damage)
             ... on level 8 of the Dungeon.
             The game lasted 00:30:46 (12570 turns).

Fiveotanaka the Carver (Demigod Wanderer)          Turns: 12570, Time: 00:30:46

Health: -1/74      AC:  9    Str: 17    XL:     9   Next: 41%
Magic:  13/13      EV:  9    Int: 17    God:
Gold:   291        SH:  0    Dex: 18    Spells: 1 memorised, 9 levels left

rFire  + . .     SeeInvis .     c - +3 scimitar (curse)
rCold  + + .     Clarity  +     t - +4 chain mail
rNeg   . . .     SustAb   +     (no shield)
rPois  +         Gourm    .     (no helmet)
rElec  +         Spirit   .     (no cloak)
rCorr  +         Warding  .     (no gloves)
rMut   .         Stasis   .     (no boots)
MR     +....                    (no amulet)
Stlth  ..........               (no ring)
                                F - ring of wizardry

@: resistant, drained, somewhat resistant to hostile enchantments, extremely
unstealthy
A: fangs 1, blink 1, clarity, cold resistance 1, deformed body, high mp 1, magic
resistance 1, sustain abilities
a: Blink


You were on level 8 of the Dungeon.
You were not hungry.

You visited 2 branches of the dungeon, and saw 9 of its levels.

You collected 291 gold pieces.

Inventory:

Hand weapons
 a - a +2 falchion
 c - a cursed +3 scimitar (weapon)
 z - a +0 dagger of venom
 K - a +0 hunting sling
 P - a +0 blowgun
Missiles
 e - 95 stones
 n - 12 tomahawks (quivered)
 C - 16 poisoned needles
 E - a throwing net
 M - 6 sling bullets
Armour
 d - a +0 robe
 r - a +0 ring mail
 t - a +4 chain mail (worn)
Jewellery
 F - a ring of wizardry (left hand)
 J - a +6 ring of strength {unknown}
Magical devices
 G - a wand of flame (38)
 S - a wand of frost (27)
Scrolls
 h - 4 scrolls of enchant armour {unknown}
 k - a scroll of fear {unknown}
 l - 2 scrolls of magic mapping {unknown}
 m - 3 scrolls of identify {unknown}
 o - a scroll of enchant weapon {unknown}
 s - a scroll of fog {unknown}
 u - 7 scrolls of remove curse
 x - 2 scrolls of immolation {unknown}
 y - a scroll of blinking {unknown}
 L - a scroll of amnesia {unknown}
 R - a scroll of recharging {unknown}
Potions
 g - a potion of might {unknown}
 i - a potion of agility {unknown}
 j - a potion of brilliance
 w - a potion of restore abilities
 A - a potion of cure mutation {unknown}
 I - a potion of heal wounds {unknown}
 O - a potion of invisibility {unknown}
 Q - a potion of poison {unknown}
Books
 b - the Compendium of Heat

   Spells                             Type                      Level
   a - Flame Tongue                   Conjuration/Fire             1
   b - Inner Flame                    Hexes/Fire                   3
 H - a book of Power

   Spells                             Type                      Level
   a - Fulminant Prism                Conjuration/Hexes            4
   b - Iskenderun's Mystic Blast      Conjuration                  4
   c - Venom Bolt                     Conjuration/Poison           5
   d - Bolt of Magma                  Conjuration/Fire/Earth       5
   e - Iron Shot                      Conjuration/Earth            6
   f - Orb of Destruction             Conjuration                  7
   g - Spellforged Servitor           Conjuration/Summoning        7
Comestibles
 f - 4 bread rations
 q - 3 slices of pizza
 v - 2 fruits
 B - a meat ration


   Skills:
 - Level 5.3(4.1) Fighting
 + Level 9.5(8.2) Long Blades
 - Level 1.0(0.0) Throwing
 - Level 4.2(3.0) Armour
 - Level 5.0(3.8) Dodging
   Level 1.0(0.0) Shields
 - Level 1.0(0.0) Spellcasting
   Level 1.7(0.7) Necromancy


You had 9 spell levels left.
You knew the following spells:

 Your Spells              Type           Power        Failure   Level  Hunger
a - Flame Tongue          Conj/Fire      #....        96%         1    ##.....


Dungeon Overview and Level Annotations

Branches:
Dungeon (8/15)             Temple (1/1) D:6
   Lair: D:8-11

Shops:
D:4 [   D:5 :

Annotations:
D:4 Fiveotanaka's ghost, average DgWn
D:7 chequers's ghost, experienced TrMo


Innate Abilities, Weirdness & Mutations

You have an increased reservoir of magic (+10% MP).
Your attributes are resistant to harm.
You have very sharp teeth.
You can translocate small distances at will.
You possess an exceptional clarity of mind.
Your flesh is cold resistant.
Armour fits poorly on your strangely shaped body.
You are resistant to hostile enchantments.


Message History

* * * LOW HITPOINT WARNING * * *
You hit the wight but do no damage. Your bite misses the wight.
The wight is almost destroyed.
The wight closely misses you.
You hit the wight.
The wight is almost destroyed.
The wight closely misses you.
You barely miss the wight.
The wight is almost destroyed.
The wight closely misses you.
You hit the wight.
You destroy the wight!
You closely miss the worker ant. Your bite misses the worker ant.
The worker ant bites you.
* * * LOW HITPOINT WARNING * * *
Drink which item? (? for menu, Esc to quit)
It was a potion of resistance.
You feel protected. The worker ant bites you.
You die...

#### ... #.. #.#
#.# # #@# .##. #a#
...
...#.###Z####...#
#................
###.............#
#..#...........## .
#..............#
.....#...........#
##....#...<.......#


You could see a worker ant and a centaur skeleton.

Vanquished Creatures
  Pikel (D:6)
  The ghost of busb the Conjurer, an experienced DgWn (D:6)
  2 ogres (D:5)
  A sky beast (D:6)
  3 phantoms
  3 centaurs
  2 giant frogs
  3 scorpions
  6 wights
  3 jellies (D:6)
  3 crimson imps
  A goliath beetle (D:6)
  2 iguanas
  7 orc wizards
  4 orc priests (D:5)
  Ijyb (D:3)
  5 worker ants
  A centaur skeleton (D:5)
  A giant frog zombie (D:6)
  2 hounds
  2 hound skeletons
  7 adders
  3 gnolls (D:4)
  6 worms
  4 giant geckos
  3 oozes
  26 orcs
  A bat skeleton (D:4)
  5 giant cockroaches
  13 hobgoblins
  14 jackals
  2 quokkas
  2 ball pythons
  13 bats
  4 giant newts
  A giant spore (D:5)
  12 goblins
  12 kobolds
  A quokka skeleton (D:5)
  25 rats
  7 ballistomycetes (D:5)
215 creatures vanquished.

Vanquished Creatures (others)
  2 slaves (D:7)
  A wight (D:7)
  A hound (D:7)
  An orc (D:7)
  A quokka (D:7)
  A bat (D:7)
  A rat (D:7)
8 creatures vanquished.

Grand Total: 223 creatures vanquished

Notes
Turn   | Place    | Note
--------------------------------------------------------------
     0 | D:1      | Fiveotanaka, the Demigod Wanderer, began the quest for the Orb.
     0 | D:1      | Fiveotanaka set off with: a +2 falchion, the Compendium of Heat, a potion of lignification, a +0 robe, a bread ration
     0 | D:1      | Reached XP level 1. HP: 17/17 MP: 4/4
     0 | D:1      | Identified the Compendium of Heat
     2 | D:1      | Learned a level 1 spell: Flame Tongue
   306 | D:1      | Reached skill level 2 in Long Blades
   493 | D:1      | Reached XP level 2. HP: 18/24 MP: 5/5
   699 | D:1      | HP: 1/24 [giant gecko (3)]
   996 | D:1      | Reached skill level 3 in Long Blades
  1494 | D:2      | Reached XP level 3. HP: 29/29 MP: 6/6
  2725 | D:2      | Found a sparkling altar of Nemelex Xobeh.
  2869 | D:2      | Reached skill level 4 in Long Blades
  2920 | D:3      | Reached XP level 4. HP: 9/36 MP: 8/8
  3697 | D:3      | Noticed Ijyb
  3713 | D:3      | Killed Ijyb
  3713 | D:3      | Reached skill level 5 in Long Blades
  3713 | D:3      | Reached XP level 5. HP: 41/41 MP: 9/9
  3995 | D:3      | Reached skill level 1 in Armour
  4002 | D:3      | Found a sparkling altar of Nemelex Xobeh.
  4003 | D:3      | Noticed a centaur
  4026 | D:3      | Killed a centaur
  4490 | D:4      | Found Sadeusa's Armour Emporium.
  4511 | D:4      | Reached XP level 6. HP: 38/51 MP: 10/10
  5200 | D:4      | Reached skill level 6 in Long Blades
  5641 | D:4      | Noticed a phantom
  5659 | D:4      | Killed a phantom
  5798 | D:4      | Reached XP level 7. HP: 57/57 MP: 11/11
  5924 | D:4      | Noticed Fiveotanaka's ghost (average DgWn)
  6455 | D:5      | Entered Level 5 of the Dungeon
  6811 | D:5      | Reached skill level 7 in Long Blades
  6902 | D:5      | Found Oremp's Book Boutique.
  7884 | D:5      | Found an ancient bone altar of Kikubaaqudgha.
  7996 | D:5      | Reached skill level 8 in Long Blades
  8002 | D:5      | Reached XP level 8. HP: 38/63 MP: 12/12
  8482 | D:6      | Noticed busb's ghost (experienced DgWn)
  8510 | D:6      | Killed busb's ghost
  8833 | D:6      | Reached skill level 5 in Dodging
  8834 | D:6      | Found a staircase to the Ecumenical Temple.
  8966 | D:6      | Gained mutation: Armour fits poorly on your strangely shaped body. [mutagenic meat]
 10347 | D:7      | Noticed Pikel
 10367 | D:6      | Killed Pikel
 10367 | D:6      | Reached skill level 5 in Fighting
 10367 | D:6      | Reached XP level 9. HP: 37/74 MP: 13/13
 10661 | D:7      | Noticed chequers's ghost (experienced TrMo)
 11391 | D:7      | Gained mutation: Your flesh is cold resistant. [potion of mutation]
 11391 | D:7      | Gained mutation: You can translocate small distances at will. [potion of mutation]
 11458 | Temple   | Entered the Ecumenical Temple
 11664 | Temple   | Gained mutation: You are resistant to hostile enchantments. [potion of mutation]
 11664 | Temple   | Gained mutation: You possess an exceptional clarity of mind. [potion of mutation]
 11664 | Temple   | Gained mutation: You have very sharp teeth. [potion of mutation]
 11720 | D:6      | Reached skill level 9 in Long Blades
 12564 | D:8      | HP: 3/74 [wight/enchanted great sword (4)]
 12569 | D:8      | HP: 2/74 [worker ant (2)]
 12570 | D:8      | Slain by a worker ant

Action                   |  1- 3 |  4- 6 |  7- 9 || total
-------------------------+-------+-------+-------++-------
Melee: Falchion          |   177 |   244 |   583 ||  1004
       Dagger            |       |       |     8 ||     8
       Scimitar          |       |       |    28 ||    28
 Fire: Hunting sling     |       |       |     6 ||     6
Throw: Stone             |    13 |     3 |       ||    16
       Tomahawk          |       |       |    13 ||    13
 Cast: Flame Tongue      |     1 |       |       ||     1
  Use: Potion            |       |       |    11 ||    11
       Scroll            |       |       |     1 ||     1
 Stab: Distracted        |       |     1 |     1 ||     2
  Eat: Chunk             |     6 |    10 |    21 ||    37
       Beef jerky        |       |       |     1 ||     1
